AoeStats
← bananin.cxs

Lombardia

508565127Analyzed
4v4 RM · 11d ago on Sep 23, 2026· 62m 47s· 8 players
Game mode
Random Map
Map size
Large (8 player)
Population
200
Speed
Normal
Resources
Standard
Victory
Conquest
Starting age
Dark Age
Ending age
Imperial Age
RankedLock teamsTeams togetherTeam positionsShared explorationLock speedFull tech treeHidden civsTurbo modeCheats
Victory
Defeat
🇧🇷 Magyars · Brazil
1225
+9
🇬🇧 Mongols · United Kingdom
1092
+14
🇧🇷 Britons · Brazil
1078
+14
🇲🇽 Persians · Mexico
1063
+15
🇨🇱 Mapuche · Chile
1160
-17
🇨🇱 Lithuanians · Chile
1157
-17
🇨🇱 Franks · Chile
962
-10
🇺🇾 Spanish · Uruguay
908
-16
Huesped Maldito
11:09 Feudal Age
11:33 Double-Bit Axe
11:29 Horse Collar
19:07 Castle Age
18:52 Wheelbarrow
18:03 Town Watch
18:05 Loom
18:34 Gold Mining
20:18 Heavy Plow
24:09 Stone Mining
26:13 Fletching
26:52 Padded Archer Armor
26:36 Crossbowman
27:58 Thumb Ring
28:15 Leather Archer Armor
29:15 Bodkin Arrow
29:47 Kamandaran
31:24 Forging
31:20 Scale Barding Armor
34:04 Imperial Age
31:51 Hand Cart
32:50 Gold Shaft Mining
33:29 Stone Shaft Mining
33:29 Husbandry
33:42 Bloodlines
36:23 Iron Casting
39:45 Light Cavalry
39:46 Cavalier
41:10 Heavy Camel Rider
42:27 Elite War Elephant
43:32 Conscription
43:26 Citadels
44:03 Ring Archer Armor
44:34 Blast Furnace
43:54 Chain Barding Armor
43:04 Hussar
47:05 Scale Mail Armor
48:06 Town Patrol
47:36 Savar
51:08 Chain Mail Armor
51:28 Plate Barding Armor
51:13 Chain Mail Armor
50:24 Pikeman
51:04 Squires
59:14 Chemistry
58:35 Ballistics
61:24 Masonry
61:05 Heated Shot
61:06 Guard Tower
61:23 Siphons
61:28 Clinker Construction
61:29 Careening
60:50 Elite Skirmisher
60:50 Heavy Cavalry Archer
61:57 Parthian Tactics
62:04 Plate Mail Armor
61:49 Guilds
Bruvshire
2:50 Loom
10:00 Feudal Age
10:46 Double-Bit Axe
12:38 Horse Collar
19:46 Castle Age
19:05 Fletching
20:29 Bloodlines
30:56 Imperial Age
28:55 Ballistics
30:20 Bodkin Arrow
31:51 Bracer
33:13 Conscription
34:00 Wheelbarrow
33:12 Town Watch
34:00 Elite Mangudai
34:45 Padded Archer Armor
35:43 Scale Barding Armor
36:18 Husbandry
36:35 Leather Archer Armor
37:12 Light Cavalry
39:09 Chain Barding Armor
39:38 Capped Ram
42:24 Hussar
45:25 Chemistry
44:57 Parthian Tactics
44:38 Thumb Ring
46:34 Siege Ram
50:48 Caravan
51:27 Drill
51:30 Heavy Plow
51:23 Gold Mining
51:51 Bow Saw
58:05 Hoardings
59:40 Spies/Treason
Cabra da Peste
5:28 Loom
10:20 Feudal Age
17:01 Double-Bit Axe
19:49 Gold Mining
22:10 Castle Age
21:52 Padded Archer Armor
26:37 Wheelbarrow
26:00 Horse Collar
26:33 Bow Saw
30:39 Imperial Age
34:05 Gold Shaft Mining
33:19 Elite Longbowman
34:20 Conscription
33:24 Crossbowman
34:50 Leather Archer Armor
34:26 Fletching
35:00 Ballistics
34:35 Arbalester
37:02 Ring Archer Armor
36:28 Bodkin Arrow
36:56 Hand Cart
36:37 Elite Skirmisher
40:01 Two-Man Saw
42:25 Bracer
43:29 Chemistry
46:20 Yeomen
61:19 Spies/Treason
nborgesfilho
4:01 Loom
6:19 Loom
8:31 Feudal Age
20:36 Castle Age
18:51 Double-Bit Axe
20:04 Horse Collar
22:45 Heavy Plow
25:35 Bow Saw
28:49 Wheelbarrow
31:05 Hand Cart
30:39 Town Watch
31:13 Caravan
31:55 Corvinian Army
32:34 Fletching
33:18 Bodkin Arrow
33:24 Padded Archer Armor
34:13 Ballistics
34:11 Thumb Ring
34:42 Bloodlines
34:33 Husbandry
37:25 Imperial Age
35:52 Leather Archer Armor
35:44 Scale Barding Armor
36:10 Husbandry
36:12 Murder Holes
37:25 Chain Barding Armor
37:32 Heavy Cavalry Archer
38:38 Parthian Tactics
38:14 Stone Mining
39:37 Chemistry
38:42 Siege Engineers
39:26 Bracer
39:57 Ring Archer Armor
41:03 Plate Barding Armor
41:39 Recurve Bow
42:03 Conscription
42:12 Scale Mail Armor
43:50 Elite Magyar Huszar
56:05 Chain Mail Armor
56:02 Masonry
60:40 Treadmill Crane
60:51 Heated Shot
62:53 Guard Tower
63:36 Crop Rotation
64:08 Two-Man Saw
63:11 Town Patrol
63:28 Careening
63:28 Clinker Construction
63:41 Block Printing
franquitochile
4:01 Loom
10:30 Feudal Age
19:40 Castle Age
18:30 Double-Bit Axe
19:59 Gold Mining
21:29 Bow Saw
21:47 Husbandry
24:29 Forging
24:25 Scale Barding Armor
24:51 Stone Mining
28:30 Iron Casting
28:16 Chain Barding Armor
33:59 Wheelbarrow
40:28 Imperial Age
40:03 Hand Cart
40:56 Cavalier
42:38 Blast Furnace
42:14 Plate Barding Armor
41:51 Murder Holes
42:57 Chemistry
41:56 Murder Holes
42:22 Ballistics
45:05 Paladin
46:12 Pikeman
46:53 Squires
47:11 Halberdier
52:33 Fletching
52:44 Padded Archer Armor
53:47 Elite Skirmisher
58:27 Conscription
bananin.cxs
5:03 Loom
8:53 Feudal Age
9:32 Double-Bit Axe
13:21 Horse Collar
20:17 Castle Age
20:19 Bloodlines
20:16 Scale Barding Armor
20:25 Forging
20:17 Town Watch
22:54 Wheelbarrow
23:32 Husbandry
22:52 Light Cavalry
23:45 Heavy Plow
24:05 Bow Saw
29:41 Heavy Plow
30:10 Hand Cart
30:28 Town Patrol
35:38 Imperial Age
33:52 Stone Mining
33:59 Gold Mining
34:52 Fervor
35:03 Sanctity
34:54 Redemption
34:44 Atonement
35:35 Chain Barding Armor
35:51 Iron Casting
35:35 Pikeman
36:15 Squires
36:56 Block Printing
37:26 Halberdier
37:44 Cavalier
37:46 Winged Hussar
41:50 Scale Mail Armor
42:26 Plate Barding Armor
41:42 Fletching
41:59 Paladin
43:12 Chain Mail Armor
42:57 Padded Archer Armor
42:32 Elite Skirmisher
43:17 Thumb Ring
43:19 Tower Shields
43:55 Hoardings
43:38 Hill Forts
43:34 Guard Tower
44:45 Chemistry
45:24 Ballistics
45:01 Bodkin Arrow
52:45 Masonry
52:31 Murder Holes
54:21 Bracer
54:36 Leather Archer Armor
kEzh <3
8:14 Loom
10:22 Feudal Age
16:54 Castle Age
16:03 Double-Bit Axe
15:59 Horse Collar
16:06 Horse Collar
16:25 Stone Mining
17:57 Bow Saw
20:36 Heavy Plow
22:42 Wheelbarrow
23:02 Gold Mining
22:40 Pikeman
23:31 Forging
24:01 Town Watch
28:06 Wheelbarrow
28:26 Iron Casting
27:43 Fletching
29:40 Hand Cart
31:17 Masonry
31:14 Bodkin Arrow
34:59 Imperial Age
32:46 Scale Mail Armor
33:05 Elite Skirmisher
35:49 Padded Archer Armor
36:50 Blast Furnace
35:54 Padded Archer Armor
36:56 Blast Furnace
36:18 Butalmapu
36:52 Ballistics
37:03 Architecture
36:11 Capped Ram
36:42 Heavy Scorpion
38:50 Conscription
38:55 Chain Mail Armor
39:56 Town Patrol
41:04 Halberdier
42:22 Plate Mail Armor
42:30 Crop Rotation
41:46 Halberdier
46:10 Leather Archer Armor
51:47 Elite Kona
51:53 Elite Bolas Rider
53:40 Hoardings
52:30 Elite Kona
booking.naranjo
0:35 Loom
15:04 Feudal Age
16:36 Stone Mining
16:34 Double-Bit Axe
16:42 Gold Mining
22:19 Castle Age
39:30 Pikeman
40:11 Squires
43:52 Ballistics
Connection lost

Rejoining the realm…

Still unreachable

The connection could not be restored.

Session expired

The server has moved on; the page needs a fresh start.